 Dungeon Sprint DCSS version 0.31-a0-965-g8a8ce12e04 (webtiles) character file.

Game seed: 2223303130824530631

12623 fozzywoppz the Black Belt (level 11, -4/95 HPs)
             Began as a Demonspawn Gladiator on Oct 26, 2023.
             Was a High Priest of Okawaru.
             Slain by an orc knight
             ... wielding a +0 battleaxe
              (29 damage)
             ... in the Dungeon (Sprint IX: "|||||||||||||||||||||||||||||").
             The game lasted 00:07:11 (1691 turns).

fozzywoppz the Black Belt (Demonspawn Gladiator)    Turns: 1691, Time: 00:07:12

Health: -4/95      AC: 16    Str: 16    XL:     11   Next: 64%
Magic:  16/20      EV: 23    Int: 12    God:    Okawaru [*****.]
Gold:   918        SH:  4    Dex: 18    Spells: 10/10 levels left

rFire   . .          .
                       - Unarmed
rCold   . . .        (no shield)
rNeg    . . .        o - +2 ring mail
rPois   .            (helmet unavailable)
rElec   .            u - +0 cloak
rCorr   +            (no gloves)
SInv    .            b - +0 pair of boots
Will    .....        (no amulet)
Stlth   ++           m - +2 ring of evasion
HPRegen 0.35/turn    n - +3 ring of intelligence
MPRegen 0.17/turn

%: no teleportation
@: mighty, heroic, finesse-ful
A: horns 3, yellow scales 3, condensation shield
a: Renounce Religion, Heroism, Finesse


You were in the Dungeon.
You worshipped Okawaru.
Okawaru was extremely pleased with you.
You visited 1 branch You collected 918 gold pieces.

Inventory:

Hand Weapons
 a - a +3 war axe of electrocution
Missiles
 d - a javelin
Armour
 b - a +0 pair of boots (worn)
 o - a +2 ring mail (worn)
 u - a +0 cloak (worn)
Jewellery
 m - a +2 ring of evasion (left hand)
 n - a +3 ring of intelligence (right hand)
Wands
 v - a wand of polymorph (8)
Scrolls
 j - 2 scrolls of blinking
 k - 2 scrolls of amnesia
 r - 2 scrolls of identify
 s - 2 scrolls of fog
 t - a scroll of fear
Potions
 c - a potion of mutation
 e - 5 potions of curing
 f - 4 potions of heal wounds
 g - 2 potions of haste
 h - 4 potions of magic
 i - a potion of invisibility
 p - a potion of might
 q - a potion of cancellation


   Skills:
 + Level 12.0(17.0) Fighting
 - Level 10.0(15.0) Throwing
 + Level 6.1(11.1) Armour
 + Level 11.6(16.6) Dodging
 + Level 17.0(22.0) Unarmed Combat
 - Level 12.0 Invocations
 - Level 5.0 Evocations


You had 10 spell levels left.
You didn't know any spells.
Your spell library contained the following spells:

 Spells                   Type           Power      Damage    Failure   Level
 Orb of Destruction       Conj           0%         9d5       100%        7
 Summon Guardian Golem    Hex/Summ       Unusable   N/A       N/A         3
 Spellforged Servitor     Conj/Summ      Unusable   N/A       N/A         7

Dungeon Overview and Level Annotations

Branches:
Dungeon (1/1)

Altars:
Cheibriados
Dithmenos
Fedhas
Gozag
Hepliaklqana
Kikubaaqudgha
Makhleb
Nemelex Xobeh
Okawaru
Qazlal
Ru
Sif Muna
Trog
Uskayaw
Vehumet
Wu Jian
Xom
Yredelemnul
Jiyva
Lugonu

Shops:
D [=[(


Innate Abilities, Weirdness & Mutations

You have a pair of large horns on your head.
You are completely covered in yellow scales. (AC +4, rCorr)
A meltable shield of frost defends you. (SH +4)


Message History

The sun demon disappears in a puff of smoke!
The orange demon disappears in a puff of smoke!
Your base Unarmed Combat skill increases to level 17!
Unknown command.
The orc knight no longer looks unusually strong.
An orc knight comes into view. It is wielding a +0 war axe.
The orc knight roars a battlecry!
The orc knight goes into a battle-frenzy!
The orc knight shouts!
You punch the orc knight!
The orc knight is lightly wounded.
You hear a shout!
You punch the orc knight! x2
The orc knight is heavily wounded.
You punch the orc knight! Your headbutt misses the orc knight.
The orc knight is severely wounded.
The orc knight hits you with a +0 war axe!
* * * LOW HITPOINT WARNING * * *
You punch the orc knight! x2
You kill the orc knight!
Okawaru accepts your kill.
Base training target 10.0 for Throwing reached!
Your base Fighting skill increases to level 12!
Your base Throwing skill increases to level 10!
Your base Armour skill increases to level 6!
Found Qeurr's Antique Weapon Shoppe.
The orc knight no longer looks unusually strong.
An orc high priest comes into view. It is wielding a +0 halberd.
The orc knight roars a battlecry!
The orc knight goes into a battle-frenzy!
The orc high priest shouts!
Items here: $ )) [.
You punch the orc knight!
The orc knight is lightly wounded.
You hit the orc knight. You headbutt the orc knight!!
The orc knight is heavily wounded.
You completely miss the orc knight. You headbutt the orc knight!
The orc knight is severely wounded.
The orc knight hits you with a +0 battleaxe!!
You die...

▓_▓.▓†▓.▓.▓
▓_▓.▓.▓.▓.▓
▓_▓.▓.▓.▓.▓
▓_▓.▓.▓.▓)▓
▓'▓.▓'▓.▓$▓
▓.▓.▓†▓.▓)▓
▓.▓.▓†▓.▓)▓
▓)▓.▓.▓.▓)▓
▓.▓.▓.▓.▓@▓
▓[▓.▓.▓.▓o▓
▓[▓.▓.▓.▓.▓
▓.▓.▓.▓.▓∩▓
▓.▓.▓.▓.▓o▓
▓.▓.▓(▓.▓∩▓
▓[▓.▓(▓.▓o▓
▓[▓.▓.▓.▓∩▓
▓.▓.▓(▓.▓


You could see 2 orc knights and an orc high priest (strong).

Vanquished Creatures
  3 orc high priests (D)
  A skyshark (D)
  2 lindwurms (D)
  5 orc knights (D)
  An orc sorcerer (D)
  A cane toad (D)
  An unseen horror (D)
  Psyche (D)
  4 komodo dragons (D)
  4 tyrant leeches (D)
  A slime creature (D)
  4 blink frogs (D)
  A vampire (D)
  A shadow (D)
  2 wyverns (D)
  A steam dragon (D)
  Grum (D)
  An acid dragon (D)
  4 water moccasins (D)
  10 orc warriors (D)
  An ice beast (D)
  A black bear (D)
  5 wolves (D)
  A phantom (D)
  A gnoll sergeant (D)
  A bullfrog (D)
  A scorpion (D)
  A wight (D)
  2 howler monkeys (D)
  3 orc priests (D)
  2 orc wizards (D)
  An iguana (D)
  2 worms (D)
  9 orcs (D)
  2 jackals (D)
  A quokka (D)
  A frilled lizard (D)
  A goblin (D)
85 creatures vanquished.

Vanquished Creatures (others)
  A deep elf pyromancer (D)
1 creature vanquished.

Grand Total: 86 creatures vanquished

Notes
Turn   | Place    | Note
-------+----------+-------------------------------------------
     0 | D        | fozzywoppz the Demonspawn Gladiator began the quest for the
                  | Orb.
     0 | D        | Reached XP level 1. HP: 16/16 MP: 1/1
    22 | D        | Reached skill level 3 in Unarmed Combat
    42 | D        | Noticed an iguana
    42 | D        | Noticed a black bear
    42 | D        | Noticed a scorpion
    42 | D        | Noticed a phantom
    42 | D        | Noticed an ice beast
    46 | D        | Killed an iguana
    47 | D        | Gained mutation: You have a pair of small horns on your
                  | head. [demonic ancestry]
    47 | D        | Reached XP level 2. HP: 24/24 MP: 2/2
    47 | D        | Gained mutation: You are partially covered in yellow
                  | scales. (AC +2) [demonic ancestry]
    47 | D        | Reached XP level 3. HP: 29/29 MP: 3/3
    51 | D        | Killed a black bear
    52 | D        | Reached skill level 5 in Fighting
    52 | D        | Reached skill level 5 in Dodging
    52 | D        | Reached skill level 5 in Unarmed Combat
    52 | D        | Reached XP level 4. HP: 25/39 MP: 4/4
   133 | D        | Killed a scorpion
   134 | D        | Reached skill level 5 in Throwing
   134 | D        | Reached XP level 5. HP: 39/46 MP: 5/5
   145 | D        | Killed a phantom
   146 | D        | Reached skill level 6 in Unarmed Combat
   156 | D        | Killed an ice beast
   157 | D        | Reached skill level 7 in Unarmed Combat
   157 | D        | Reached XP level 6. HP: 16/55 MP: 6/6
   163 | D        | Found a snail-covered altar of Cheibriados.
   163 | D        | Found a shadowy altar of Dithmenos.
   163 | D        | Found a blossoming altar of Fedhas.
   163 | D        | Found an opulent altar of Gozag.
   164 | D        | Found a hazy altar of Hepliaklqana.
   165 | D        | Found a viscous altar of Jiyva.
   166 | D        | Found an ancient bone altar of Kikubaaqudgha.
   167 | D        | Found a corrupted altar of Lugonu.
   168 | D        | Found a burning altar of Makhleb.
   169 | D        | Found a sparkling altar of Nemelex Xobeh.
   170 | D        | Found an iron altar of Okawaru.
   171 | D        | Found a stormy altar of Qazlal.
   172 | D        | Found a sacrificial altar of Ru.
   173 | D        | Found a shimmering blue altar of Sif Muna.
   174 | D        | Found a bloodstained altar of Trog.
   175 | D        | Found a hide-covered altar of Uskayaw.
   176 | D        | Found a radiant altar of Vehumet.
   177 | D        | Found an ornate altar of the Wu Jian Council.
   178 | D        | Found a shimmering altar of Xom.
   187 | D        | Found a basalt altar of Yredelemnul.
   190 | D        | Became a worshipper of Warmaster Okawaru
   298 | D        | Noticed an orc warrior
   298 | D        | Noticed an acid dragon
   298 | D        | Noticed a steam dragon
   312 | D        | Killed an orc warrior
   314 | D        | Killed an acid dragon
   315 | D        | Reached skill level 8 in Unarmed Combat
   315 | D        | Gained mutation: A meltable shield of frost defends you.
                  | (SH +4) [demonic ancestry]
   315 | D        | Reached XP level 7. HP: 63/63 MP: 7/7
   335 | D        | Killed a steam dragon
   335 | D        | Reached * piety under Okawaru
   336 | D        | Reached skill level 9 in Unarmed Combat
   397 | D        | Noticed a deep elf pyromancer
   397 | D        | Noticed a shadow
   397 | D        | Noticed a vampire
   397 | D        | Noticed a slime creature
   398 | D        | Noticed a fire elemental
   401 | D        | Reached skill level 1 in Invocations
   406 | D        | Noticed a fire elemental
   407 | D        | Killed a deep elf pyromancer
   413 | D        | Killed an unseen horror
   414 | D        | Reached skill level 10 in Fighting
   414 | D        | Gained mutation: You are mostly covered in yellow scales.
                  | (AC +3) [demonic ancestry]
   414 | D        | Reached XP level 8. HP: 71/72 MP: 7/10
   419 | D        | Reached skill level 5 in Invocations
   427 | D        | Killed a slime creature
   427 | D        | Reached ** piety under Okawaru
   428 | D        | Reached skill level 10 in Unarmed Combat
   447 | D        | Reached skill level 10 in Dodging
   607 | D        | Noticed a blink frog
   607 | D        | Noticed a komodo dragon
   607 | D        | Noticed a komodo dragon
   624 | D        | Killed a komodo dragon
   625 | D        | Reached skill level 11 in Unarmed Combat
   625 | D        | Gained mutation: You have a pair of horns on your head.
                  | [demonic ancestry]
   625 | D        | Reached XP level 9. HP: 53/78 MP: 12/16
   627 | D        | Noticed a komodo dragon
   633 | D        | Killed a komodo dragon
   633 | D        | Reached *** piety under Okawaru
   634 | D        | Reached skill level 10 in Invocations
   646 | D        | Killed a komodo dragon
   647 | D        | Reached skill level 12 in Unarmed Combat
   841 | D        | Noticed a komodo dragon
   841 | D        | Noticed a skyshark
   849 | D        | Killed a komodo dragon
   850 | D        | Reached skill level 13 in Unarmed Combat
   853 | D        | Noticed a cane toad
   865 | D        | Killed a skyshark
   865 | D        | Reached **** piety under Okawaru
   866 | D        | Reached skill level 14 in Unarmed Combat
   866 | D        | Gained mutation: You are completely covered in yellow
                  | scales. (AC +4, rCorr) [demonic ancestry]
   866 | D        | Reached XP level 10. HP: 80/85 MP: 19/19
   876 | D        | Killed a cane toad
   877 | D        | Reached skill level 15 in Unarmed Combat
   877 | D        | Reached ***** piety under Okawaru
   895 | D        | Reached skill level 16 in Unarmed Combat
  1025 | D        | Noticed a lindwurm
  1025 | D        | Noticed a lindwurm
  1037 | D        | Killed a lindwurm
  1038 | D        | Reached skill level 1 in Armour
  1038 | D        | Reached skill level 1 in Evocations
  1054 | D        | Killed a lindwurm
  1328 | D        | Noticed Grum
  1336 | D        | Killed Grum
  1357 | D        | Noticed Psyche
  1362 | D        | Killed Psyche
  1413 | D        | Gained mutation: You have a pair of large horns on your
                  | head. [demonic ancestry]
  1413 | D        | Reached XP level 11. HP: 72/92 MP: 20/20
  1480 | D        | Noticed an orc sorcerer
  1486 | D        | Noticed an orc high priest
  1490 | D        | Killed an orc sorcerer
  1492 | D        | Received a gift from Okawaru
  1503 | D        | Noticed a soul eater
  1506 | D        | Killed an orc high priest
  1648 | D        | Found Ukoofrib's Armour Emporium.
  1648 | D        | Noticed an orc knight
  1648 | D        | Noticed an orc knight
  1648 | D        | Noticed an orc knight
  1648 | D        | Noticed an orc high priest
  1648 | D        | Noticed an orc knight
  1649 | D        | Noticed an orc high priest
  1652 | D        | Noticed a sixfirhy
  1655 | D        | Killed an orc knight
  1656 | D        | Reached skill level 5 in Evocations
  1662 | D        | Killed an orc knight
  1663 | D        | Reached skill level 5 in Armour
  1665 | D        | Found Veteere's Jewellery Shoppe.
  1666 | D        | Noticed a sun demon
  1668 | D        | Killed an orc knight
  1671 | D        | Killed an orc high priest
  1672 | D        | Found Heosaxer's Antique Armour Emporium.
  1672 | D        | Noticed an orc knight
  1674 | D        | Noticed an orc knight
  1676 | D        | Killed an orc knight
  1681 | D        | Killed an orc high priest
  1682 | D        | Reached skill level 17 in Unarmed Combat
  1683 | D        | Noticed an orc knight
  1687 | D        | Killed an orc knight
  1688 | D        | Reached skill level 10 in Throwing
  1688 | D        | Found Qeurr's Antique Weapon Shoppe.
  1688 | D        | Noticed an orc high priest
  1691 | D        | Slain by an orc knight

Illustrated notes

Levels and vault maps discovered:
D:        linesprint [early_d, line_temple, items_1, d_10, items_2, lair_1,
          lair_end, items_3, orc_1, orc_end, items_4, d_15, swamp_1, shoals_1,
          snake_1, spider_1, d_20, vaults_1, items_5, swamp_end, shoals_end,
          snake_end, spider_end, vaults_end, d_27, items_6, zot_1, zot_end,
          crypt_end, forest_end, elf_end, slime_end, tomb_end, abyss_end,
          pan_hell_end]

Skill      XL: |  1  2  3  4  5  6  7  8  9 10 11 |
---------------+----------------------------------+-----
Throwing       | 3 4 5 7 10 | 10.0
Dodging        | 3 5 7 8 9 10 11 | 11.6
Unarmed Combat | 3 5 7 8 9 11 14 16 17 | 17.0
Fighting       | 3 5 7 8 10 12 | 12.0
Invocations    | 3 9 12 | 12.0
Armour         | 3 6 |  6.1
Evocations     | 3 5 |  5.0

Action                     |  1- 3 |  4- 6 |  7- 9 | 10-12 || total
---------------------------+-------+-------+-------+-------++-------
  Melee: Unarmed           |    32 |    45 |   133 |   165 ||   375
         Punch             |     2 |     1 |     9 |    21 ||    33
         Headbutt          |     1 |     8 |    37 |    40 ||    86
  Throw: Throwing net      |       |       |     3 |       ||     3
 Invoke: Heroism           |       |       |     1 |     1 ||     2
         Finesse           |       |       |       |     1 ||     1
  Evoke: Wand              |       |     2 |     1 |     7 ||    10
    Use: Potion            |     1 |       |     1 |     2 ||     4
         Scroll            |       |       |       |     1 ||     1
   Stab: Invisible         |       |     2 |     2 |    12 ||    16
         Held in net/web   |       |       |     1 |       ||     1
 Armour: Leather armour    |    14 |    13 |       |       ||    27
         Ring mail         |       |     2 |    38 |    56 ||    96
  Dodge: Dodged            |    19 |    26 |    60 |    75 ||   180
  Block: Other             |       |       |    12 |    17 ||    29

Table legend: (Time is in decaauts)
 A = Elapsed time spent in this place.
 B = Non-inter-level travel time spent in this place.
 C = Inter-level travel time spent in this place.
 D = Time resting spent in this place.
 E = Time spent auto-exploring this place.
 F = Levels seen in this place.
 G = Mean time per level.
                   A        B        C        D        E       F      G
               +--------+--------+--------+--------+--------+-----+--------+
         Total |   1582 |   1582 |      0 |    724 |      0 |   1 | 1582.0 |
       Dungeon |   1582 |   1582 |      0 |    724 |      0 |   1 | 1582.0 |
               +--------+--------+--------+--------+--------+-----+--------+

Top non-repeatable levels by time:
       D: 1582 daAuts
